 Dungeon Crawl Stone Soup version 0.20.1-1-g8b1a95d (webtiles) character file.

340 equalderp2856 the Chopper (level 6, -2/48 HPs)
             Began as a Mummy Fighter on Oct 27, 2017.
             Slain by a bullfrog (5 damage)
             ... in a sewer.
             The game lasted 00:05:25 (2987 turns).

equalderp2856 the Chopper (Mummy Fighter)           Turns: 2987, Time: 00:05:26

Health: -2/48      AC:  6    Str: 20    XL:     6   Next: 30%
Magic:  6/6        EV:  7    Int:  9    God:
Gold:   136        SH:  9    Dex: 11    Spells: 3/5 levels left

rFire    x . .     SeeInvis .   a - +0 war axe
rCold    + . .     Gourm    .   c - +0 shield
rNeg     + + +     Faith    .   b - +0 scale mail
rPois    ∞         Spirit   .   (no helmet)
rElec    .         Reflect  .   (no cloak)
rCorr    .         Harm     .   (no gloves)
MR       .....                  (no boots)
Stlth    ..........             (no amulet)
Regen    0.2/turn               (no ring)
MPRegen  0.1/turn               (no ring)

@: no status effects
A: no food or potions, fire vulnerability, cold resistance 1, negative energy
resistance 3, torment resistance, unbreathing
a: no special abilities


You were in a sewer.
You were not hungry.

You visited 1 branch of the dungeon, and saw 3 of its levels.
You also visited: Sewer.

You collected 136 gold pieces.

Inventory:

Hand Weapons
 a - a +0 war axe (weapon)
Armour
 b - a +0 scale mail (worn)
 c - a +0 shield (worn)
Jewellery
 k - an uncursed ring of stealth {unknown}
Scrolls
 d - a scroll of teleportation
 e - a scroll of recharging {unknown}
 f - a scroll of fear {unknown}
 g - a scroll of fog {unknown}
 h - 2 scrolls of identify
 i - a scroll of magic mapping {unknown}
 j - a scroll of enchant armour {unknown}
 l - a scroll of remove curse {unknown}
Books
 m - Jessica's Disquisition on Darkness
   (You found it on level 2 of the Dungeon)

   Spells                             Type                      Level
   a - Animate Skeleton               Necromancy                   1
   b - Pain                           Necromancy                   1


   Skills:
 + Level 3.7 Fighting
 + Level 3.8 Axes
 + Level 3.1 Armour
 + Level 1.0 Dodging
 + Level 0.3 Stealth
 + Level 3.4 Shields


You had 3 spell levels left.
You knew the following spells:

 Your Spells              Type           Power        Failure   Level  Hunger
a - Animate Skeleton      Necr           N/A          99%         1    N/A
b - Pain                  Necr           #...         99%         1    N/A

Dungeon Overview and Level Annotations

Branches:
Dungeon (3/15)

Altars:


Innate Abilities, Weirdness & Mutations

You do not eat or drink.
Your flesh is vulnerable to fire.
You are immune to poison.
Your flesh is cold resistant. (rC+)
You are immune to negative energy. (rN+++)
You are immune to unholy pain and torment.
You can survive without breathing.


Message History

* * * LOW HITPOINT WARNING * * *
You block the leopard gecko's attack.
You slash the bullfrog!
The bullfrog is heavily wounded.
You hit the leopard gecko. The bullfrog hits you.
* * * LOW HITPOINT WARNING * * *
You block the leopard gecko's attack. You block the bullfrog's attack.
You hit the bullfrog.
The bullfrog is heavily wounded.
You closely miss the leopard gecko. You block the bullfrog's attack.
You block the leopard gecko's attack. The bullfrog hits you.
* * * LOW HITPOINT WARNING * * *
The leopard gecko barely misses you.
Unknown command.
As you read the scroll labeled IFUYHE REENAA, it crumbles to dust.
It is a scroll of identify.
d - a scroll of teleportation The bullfrog snags a nearby small bird with its tongue.
The bullfrog hits you.
You die...

#≈≈≈≈#≈≈≈≈## ##†≈.≈#
##.≈≈##≈.≈##≈≈≈..≈.≈ ##.≈≈#
#.≈..#≈..≈#≈≈≈..$..≈ #≈.≈.
#∩.≈≈#≈≈≈≈#≈≈.)?(.≈≈ #≈.≈≈
#..≈≈#≈≈≈≈#≈≈≈≈)≈≈≈≈ #≈†≈≈
##..≈##†≈†#≈≈..≈≈≈ ##≈≈.#
#≈≈.≈#≈.†#≈..≈≈ ##≈≈≈≈#
##≈≈≈##≈.##.≈# ###≈≈.≈##
#≈≈.≈##≈≈#@F#######.≈≈≈.##≈
##≈.≈≈#≈†##l...≈≈≈≈≈≈≈###≈≈
##.≈≈≈≈≈≈#..≈≈≈.≈.####.≈≈≈
####.≈†#######.∩≈#≈≈..≈≈≈
##..#..≈.†#####.≈≈≈###
####≈≈≈††≈≈≈≈≈≈####≈.
#≈≈≈#########≈....
#.≈≈≈.≈≈≈≈†...∩.##
#≈≈≈≈≈≈≈≈≈..#####


You could see a bullfrog and a leopard gecko.

Vanquished Creatures
  A bullfrog (Sewer)
  An orc wizard (D:3)
  Jessica (D:2)
  6 adders
  9 oozes
  2 worms
  A dart slug (D:3)
  10 leopard geckos
  3 orcs (D:3)
  13 giant cockroaches
  5 goblins
  5 hobgoblins
  3 jackals (D:1)
  A quokka (D:2)
  17 ball pythons
  4 bats
  14 frilled lizards
  14 kobolds
  6 rats
116 creatures vanquished.

Notes
Turn   | Place    | Note
-------+----------+-------------------------------------------
     0 | D:1      | equalderp2856 the Mummy Fighter began the quest for the Orb.
     0 | D:1      | Reached XP level 1. HP: 18/18 MP: 1/1
   216 | D:1      | Reached XP level 2. HP: 23/24 MP: 2/2
   719 | D:2      | Reached XP level 3. HP: 28/29 MP: 3/3
  1191 | D:2      | Noticed Jessica
  1196 | D:2      | Killed Jessica
  1196 | D:2      | Reached XP level 4. HP: 32/35 MP: 4/4
  1208 | D:2      | Identified Jessica's Disquisition on Darkness
  1212 | D:2      | Learned a level 1 spell: Animate Skeleton
  1214 | D:2      | Learned a level 1 spell: Pain
  1810 | D:3      | Reached skill level 1 in Dodging
  1980 | D:3      | Reached XP level 5. HP: 9/41 MP: 5/5
  2001 | D:3      | Found a glowing drain.
  2019 | Sewer    | Entered a sewer
  2946 | Sewer    | Reached XP level 6. HP: 48/48 MP: 6/6
  2987 | Sewer    | Slain by a bullfrog

Skill      XL: |  1  2  3  4  5 |
---------------+----------------+-----
Axes           | 2 3 |  3.8
Shields        | 3 |  3.4
Dodging        | 1 |  1.0
Armour         | 3 |  3.1
Fighting       | |  3.7
Stealth        | |  0.3

Action                   |  1- 3 |  4- 6 || total
-------------------------+-------+-------++-------
Melee: War axe           |   133 |   241 ||   374
  Use: Scroll            |       |     1 ||     1
Armor: Scale mail        |    53 |   158 ||   211
Dodge: Dodged            |    42 |   148 ||   190
Block: Shield            |    69 |   206 ||   275
